 Dungeon Crawl Stone Soup version 0.14.0-12-g87ee3b7 (webtiles) character file.

1026 Helmschank the Cleaver (level 7, -6/57 HPs)
             Began as a Hill Orc Abyssal Knight on Apr 16, 2014.
             Was a Priest of Lugonu.
             Killed from afar by Banei's ghost (18 damage)
             ... with a blast of negative energy
             ... on Level 5 of the Dungeon.
             The game lasted 00:28:46 (4862 turns).

Helmschank the Cleaver (Hill Orc Abyssal Knight)    Turns: 4862, Time: 00:28:46

HP  -6/57        AC 12     Str 17      XL: 7   Next: 68%
MP  17/17        EV  8     Int 17      God: Lugonu [***...]
Gold 314         SH  0     Dex 10      Spells:  0 memorised,  6 levels left

rFire  . . .     SeeInvis .     a - +1,+2 hand axe
rCold  + . .     Clarity  .     t - +2 scale mail {rC+}
rNeg   . . .     Conserve .     (no shield)
rPois  .         rCorr    .     m - +2 helmet
rElec  .         rRot     .     (no cloak)
SustAb . .       Spirit   .     (no gloves)
rMut   .         Warding  .     o - +0 pair of boots
Saprov + . .     Stasis   .     (no amulet)
MR     .....                    (no ring)
                                (no ring)

@: brilliant, very heavily drained, not resistant to hostile enchantments,
extremely unstealthy
A: saprovore 1
a: Depart the Abyss, Bend Space, Banish, Renounce Religion


You were on level 5 of the Dungeon.
You worshipped Lugonu.
Lugonu was most pleased with you.
You were very hungry.

You visited 1 branch of the dungeon, and saw 5 of its levels.
You visited the Abyss 1 time.

You collected 314 gold pieces.

Inventory:

Hand weapons
 a - a +1,+2 hand axe (weapon)
 y - a +2,+2 trident of flaming
 z - a +1,+1 whip of venom
Missiles
 i - 2 tomahawks (quivered)
 S - 2 javelins
 U - 14 darts
Armour
 m - a +2 helmet (worn)
 o - a +0 pair of boots (worn)
 r - a +2 chain mail
 t - a +2 scale mail of cold resistance (worn)
Magical devices
 p - a wand of lightning (0)
 v - a wand of lightning (0)
 A - a wand of digging (9)
Comestibles
 c - 8 meat rations
 f - 6 bread rations
 l - 2 pears
Scrolls
 d - a scroll of recharging
 h - a scroll of blinking
 j - 2 scrolls of remove curse
 n - a scroll of fog
 u - a scroll of silence {unknown}
Jewellery
 g - a cursed ring of teleportation {unknown}
 k - a cursed -2 ring of intelligence {unknown}
 x - a cursed ring of teleportation {unknown}
Potions
 b - a potion of lignification {unknown}
 e - 5 potions of curing
 q - a potion of brilliance
 s - 2 potions of flight {unknown}
 w - a potion of heal wounds


   Skills:
 - Level 3.6(0.5) Fighting
 + Level 8.0(4.5) Axes
 - Level 2.1(0.0) Armour
 - Level 0.7(0.0) Dodging
 + Level 8.0(4.5) Invocations


You had 6 spell levels left.
You didn't know any spells.

Dungeon Overview and Level Annotations

Branches:
Dungeon (5/15)
 Temple: D:4-7

Altars:
Okawaru

Annotations:
D:5 Banei's ghost, experienced DrTm
Abyss:1 Sigmund


Innate Abilities, Weirdness & Mutations

You can tolerate rotten meat.


Message History

You are too injured to fight recklessly!
You barely miss Banei's ghost.
Banei's ghost is almost destroyed.
Banei's ghost completely misses you.
You hit Banei's ghost.
Banei's ghost is almost destroyed.
Banei's ghost hits you.
* * * LOW HITPOINT WARNING * * *
You miss Banei's ghost.
Banei's ghost is almost destroyed.
Banei's ghost hits you but does no damage. x2
You barely miss Banei's ghost.
Banei's ghost is almost destroyed.
Banei's ghost hits you but does no damage.
Drink which item? (? for menu, Esc to quit)
You feel clever all of a sudden.
It was a potion of brilliance.
Banei's ghost breathes negative energy at you.
The blast of negative energy hits you!
You feel drained.
You die...

##.#....##.#.#.#.#........#
##.#....##.#.#.#.#........#
#.#....##.......'.(......#
#.#.#######.###.#........#
#.#.##..........#........#
#.#.##......###.#........#
#.#.##......# #.#........#
#.#.##......# #p#...(....#
##.#.##......# #@#)....####
#..#.##......# #.#.....#
#.##.##......###.##+#### #######
#.##.##..........(...# #......
#.....'.....)###.##..######.#####
####.##......# #.#..........#
...##......# #.#...#####..#
#######......###......####..#
......................'.....#


You could see Banei's ghost.

Vanquished Creatures
  An ice beast (D:5)
  Duvessa (D:4)
  Dowan (D:4)
  The ghost of lofo the Digger, a weakling GrEE (D:3)
  A crimson imp (D:3)
  2 hounds
  2 orc wizards
  2 worker ants
  Jessica (D:2)
  Terence (D:2)
  2 gnolls (D:3)
  2 adders (D:4)
  A giant mite (D:2)
  2 shadow imps (D:5)
  A worm (D:4)
  An iguana skeleton (D:5)
  An adder skeleton (D:5)
  A giant eyeball (D:4)
  4 orcs
  7 bats
  7 giant cockroaches
  6 goblins
  7 hobgoblins
  6 jackals
  7 kobolds
  2 ball pythons (D:1)
  7 giant newts
  A goblin skeleton (D:5)
  12 rats
90 creatures vanquished.

Vanquished Creatures (others)
  A jelly (D:5)
  2 orc priests (D:4)
  2 gnolls (D:3)
5 creatures vanquished.

Grand Total: 95 creatures vanquished

Notes
Turn   | Place    | Note
--------------------------------------------------------------
     0 | Abyss:1  | Helmschank, the Hill Orc Abyssal Knight, began the quest for the Orb.
     0 | Abyss:1  | Reached XP level 1. HP: 19/19 MP: 1/1
    30 | D:1      | Escaped the Abyss
   225 | D:1      | Reached XP level 2. HP: 26/26 MP: 2/2
   318 | D:1      | Acquired Lugonu's second power
   619 | D:2      | Reached XP level 3. HP: 31/31 MP: 5/5
   822 | D:2      | Noticed Jessica
   846 | D:2      | Killed Jessica
   846 | D:2      | Reached skill level 4 in Axes
   928 | D:2      | Noticed Sigmund
   960 | D:2      | Acquired Lugonu's third power
   985 | D:2      | Banished Sigmund
   985 | D:2      | Reached XP level 4. HP: 18/39 MP: 6/8
  1179 | D:2      | Noticed Terence
  1206 | D:2      | Killed Terence
  1206 | D:2      | Reached skill level 5 in Invocations
  1206 | D:2      | Reached XP level 5. HP: 41/45 MP: 9/9
  1319 | D:2      | Reached skill level 5 in Axes
  1552 | D:3      | Noticed lofo's ghost (weakling GrEE)
  1599 | D:3      | Killed lofo's ghost
  2025 | D:3      | Found an iron altar of Okawaru.
  2381 | D:3      | Reached XP level 6. HP: 39/51 MP: 12/12
  2499 | D:3      | Reached skill level 6 in Axes
  3162 | D:4      | Noticed Dowan
  3165 | D:4      | Noticed Duvessa
  3205 | D:4      | Killed Duvessa
  3372 | D:4      | Reached skill level 7 in Axes
  3372 | D:4      | Reached XP level 7. HP: 49/57 MP: 16/16
  3576 | D:4      | Killed Dowan
  3588 | D:4      | Paralysed by a giant eyeball for 3 turns
  3900 | D:5      | Entered Level 5 of the Dungeon
  4512 | D:5      | Noticed Banei's ghost (experienced DrTm)
  4617 | D:5      | Reached skill level 8 in Axes
  4862 | D:5      | Killed from afar by Banei's ghost

Action                   |  1- 3 |  4- 6 |  7- 9 || total
-------------------------+-------+-------+-------++-------
Melee: Hand axe          |   133 |   224 |   141 ||   498
       Unarmed           |       |     6 |       ||     6
Throw: Dart              |    15 |     1 |    16 ||    32
       Tomahawk          |       |       |     6 ||     6
       Javelin           |       |       |     5 ||     5
Invok: Banish            |       |     6 |     1 ||     7
Evoke: Wand              |       |       |     9 ||     9
  Use: Scroll            |       |     8 |     3 ||    11
       Potion            |       |     3 |     1 ||     4
 Stab: Confused          |       |     1 |       ||     1
